 Dungeon Crawl Stone Soup version 0.22.1-6-g1668fe2c40 (webtiles) character file.

1556 Naingolan the Summoner (level 9, 0/46 HPs)
             Began as a Kobold Summoner on Jan 28, 2019.
             Was a Follower of Vehumet.
             Succumbed to a hornet's poison
             ... on level 7 of the Dungeon on Jan 29, 2019.
             The game lasted 02:18:57 (13646 turns).

Naingolan the Summoner (Kobold Summoner)           Turns: 13646, Time: 02:18:58

Health: 0/46       AC:  7    Str:  7    XL:     9   Next: 12%
Magic:  4/27       EV: 15    Int: 18    God:    Vehumet [*.....]
Gold:   309        SH:  0    Dex: 15    Spells: 6/20 levels left

rFire    + . .     SeeInvis .   s - staff of fire
rCold    . . .     Gourm    +   (shield currently unavailable)
rNeg     + . .     Faith    .   u - +2 robe {rN+}
rPois    .         Spirit   +   (no helmet)
rElec    .         Reflect  .   y - scarf {Spirit}
rCorr    .         Harm     .   B - +0 pair of gloves
MR       .....                  b - +1 pair of boots
Stlth    ++++......             p - amulet of the gourmand
HPRegen  0.15/turn              j - ring of stealth
MPRegen  0.20/turn              A - ring of magical power

@: lethally poisoned (0 -> -7), hasted and slowed
A: small, carnivore
a: Renounce Religion


You were on level 7 of the Dungeon.
You worshipped Vehumet.
Vehumet was aware of your devotion.
You were very full.

You visited 1 branch of the dungeon, and saw 8 of its levels.

You collected 309 gold pieces.

Inventory:

Hand Weapons
 e - a +0 hunting sling
 n - a +0 hand axe
 q - a +0 hand crossbow
 C - a +1 dagger of venom
 I - a +0 long sword
Missiles
 d - 98 bolts
 k - 22 poisoned needles
 w - 164 stones (quivered)
 x - 48 arrows
Armour
 a - a +0 leather armour
 b - a +1 pair of boots (worn)
 u - a +2 robe of positive energy (worn)
 y - a scarf of spirit shield (worn)
 B - a +0 pair of gloves (worn)
Magical Staves
 s - an uncursed staff of fire (weapon)
Jewellery
 j - a ring of stealth (left hand)
 p - an amulet of the gourmand (around neck)
 A - a ring of magical power (right hand)
 G - a cursed ring of attention {unknown}
Wands
 F - a wand of paralysis (16)
Scrolls
 l - 4 scrolls of identify
 r - 4 scrolls of remove curse
 t - 2 scrolls of teleportation
 z - a scroll of fog {unknown}
 E - a scroll of amnesia
 H - a scroll of fear {unknown}
 J - a scroll of brand weapon {unknown}
Potions
 f - 4 potions of agility
 g - a potion of flight
 h - 2 potions of cancellation
 i - 2 potions of brilliance
 m - 2 potions of haste
 o - a potion of mutation
 v - a potion of curing {unknown}
 D - 2 potions of resistance
Comestibles
 c - 8 rations


   Skills:
 - Level 0.3 Fighting
   Level 0.2(0.7) Polearms
 - Level 1.2 Staves
 - Level 2.7 Dodging
 - Level 4.0 Stealth
 - Level 6.4 Spellcasting
 * Level 2.4 Conjurations
 - Level 0.3 Hexes
 + Level 8.8 Summonings
 - Level 0.5 Ice Magic


You had 6 spell levels left.
You knew the following spells:

 Your Spells              Type           Power        Failure   Level  Hunger
a - Summon Small Mammal   Summ           ####         1%          1    None
b - Call Imp              Summ           #####...     1%          2    None
c - Call Canine Familiar  Summ           #####...     1%          3    ##.....
d - Summon Guardian Gole  Hex/Summ       ###.....     5%          3    ##.....
e - Summon Ice Beast      Ice/Summ       ###.....     17%         4    ####...
f - Sting                 Conj/Pois      ##..         7%          1    None

Your spell library contained the following spells:

 Spells                   Type           Power        Failure   Level  Hunger
 Flame Tongue             Conj/Fire      ###..        7%          1    None
 Throw Flame              Conj/Fire      ###...       11%         2    None
 Summon Lightning Spire   Summ/Air       ###.....     19%         4    ####...
 Conjure Flame            Conj/Fire      ###.....     22%         3    ##.....
 Inner Flame              Hex/Fire       #.......     32%         3    ##.....
 Sticky Flame             Conj/Fire      ###.....     56%         4    ####...
 Fireball                 Conj/Fire      ###.......   89%         5    #####..


Dungeon Overview and Level Annotations

Branches:
Dungeon (8/15)             Temple (0/1) D:5
   Lair: D:8-11

Altars:
Cheibriados
Dithmenos
Hepliaklqana
Kikubaaqudgha
Makhleb
Nemelex Xobeh
Ru
Trog
Uskayaw
Vehumet
Yredelemnul
The Shining One

Shops:
D:8 (


Innate Abilities, Weirdness & Mutations

You are small and have problems with some larger weapons.
You are carnivorous and can eat meat at any time.


Message History

* * * LOW HITPOINT WARNING * * *
You feel as though you will be slow longer.
Your hound bites the hornet but does no damage.
* * * LOW HITPOINT WARNING * * *
You feel sick. What are your orders? t - Shout!
Orders for allies: a - Attack new target. r - Retreat! s - Stop attacking. g - Guard the area. f - Follow me.
Anything else - Cancel.
Gang up on whom?
Press: ? - help, Dir - move target cursor, f - hornet
Aim: a hornet (moderately wounded) Attack!
* * * LOW HITPOINT WARNING * * *
You feel sick. The hornet barely misses you.
Your hound barely misses the hornet.
The hornet closely misses you.
Your hound closely misses the hornet.
You die...

#.........# ##...######..
#.........# #.....#...#..
#.........# #.....#...'..
#.........#######....#...#..
#.........#....##.....#.##..
#.>.......#>h.........._....
#.........#y8........##.#...
#.........#..........#...#..
#.........#@...###########..
######..............#............
...#..#########.#####..........##
....#5...# #................'.
....#.5..# #................#.
....#....# #................#.
....#....# #................#.
....#....# #................#.
....#....# #######..........#.


You could see a hornet, a friendly guardian golem and a friendly hound.

Vanquished Creatures
  A worker ant (D:5)
  An adder (D:2)
  An ooze (D:1)
  A leopard gecko (D:2)
  An orc (D:5)
  3 giant cockroaches
  A goblin (D:3)
  A jackal (D:1)
  A quokka (D:3)
  5 bats
  A kobold (D:1)
  2 rats
19 creatures vanquished.

Vanquished Creatures (collateral kills)
  A two-headed ogre (D:8)
  Grinder (D:3)
  Sigmund (D:6)
  2 ice beasts (D:5)
  3 ogres
  2 orc warriors
  A phantom (D:7)
  2 bullfrogs
  A scorpion (D:6)
  A crimson imp (D:5)
  A bullfrog zombie (D:5)
  2 jellies
  3 hounds
  4 orc priests
  10 orc wizards
  4 worker ants
  4 gnolls (D:3)
  9 adders
  2 shadow imps
  An adder skeleton (D:4)
  5 worms
  2 dart slugs
  A leopard gecko (D:7)
  42 orcs
  2 ball pythons
  3 bats
  7 giant cockroaches
  A goblin (D:2)
  4 hobgoblins
  11 jackals
  2 quokkas
  6 frilled lizards
  2 giant cockroach zombies
  2 kobolds
  3 leopard gecko zombies
  A quokka zombie (D:6)
  A rat (D:7)
150 creatures vanquished.

Vanquished Creatures (others)
  An orc warrior (D:7)
  A quokka (D:8)
2 creatures vanquished.

Grand Total: 171 creatures vanquished

Notes
Turn   | Place    | Note
-------+----------+-------------------------------------------
     0 | D:1      | Naingolan the Kobold Summoner began the quest for the Orb.
     0 | D:1      | Reached XP level 1. HP: 10/10 MP: 3/3
   173 | D:1      | Reached XP level 2. HP: 15/15 MP: 0/5
   191 | D:1      | Learned a level 2 spell: Call Imp
  1222 | D:2      | Reached XP level 3. HP: 19/19 MP: 1/6
  2319 | D:2      | Learned a level 3 spell: Call Canine Familiar
  2895 | D:3      | Reached XP level 4. HP: 24/24 MP: 2/8
  3640 | D:3      | Found a shadowy altar of Dithmenos.
  3769 | D:3      | Reached XP level 5. HP: 28/28 MP: 3/9
  3840 | D:3      | Learned a level 3 spell: Summon Guardian Golem
  4468 | D:3      | Noticed Grinder
  4484 | D:3      | Killed Grinder
  4484 | D:3      | Reached skill level 5 in Summonings
  4484 | D:3      | Reached XP level 6. HP: 33/33 MP: 3/12
  5153 | D:4      | Found a basalt altar of Yredelemnul.
  5160 | D:4      | Noticed an ogre
  5299 | D:4      | Killed an ogre
  6130 | D:4      | Found a radiant altar of Vehumet.
  6274 | D:4      | Became a worshipper of Vehumet
  6414 | D:4      | Found an ancient bone altar of Kikubaaqudgha.
  6423 | D:4      | Found a bloodstained altar of Trog.
  6540 | D:4      | Found a sparkling altar of Nemelex Xobeh.
  6849 | D:4      | Reached skill level 6 in Summonings
  6849 | D:4      | Reached XP level 7. HP: 31/37 MP: 1/13
  7249 | D:4      | Reached skill level 1 in Staves
  7438 | D:5      | Entered Level 5 of the Dungeon
  7625 | D:5      | Reached skill level 5 in Spellcasting
  8007 | D:5      | Learned a level 4 spell: Summon Ice Beast
  8205 | D:5      | Found a staircase to the Ecumenical Temple.
  8319 | D:5      | Noticed a spatial vortex
  8906 | D:5      | Reached XP level 8. HP: 42/42 MP: 7/17
  9048 | D:5      | Found a hazy altar of Hepliaklqana.
  9642 | D:6      | Found a hide-covered altar of Uskayaw.
  9858 | D:6      | Noticed Sigmund
  9873 | D:6      | Killed Sigmund
  9898 | D:6      | Reached * piety under Vehumet
  9898 | D:6      | Offered knowledge of Sting by Vehumet.
  9914 | D:6      | Reached skill level 7 in Summonings
  9918 | D:6      | Learned a level 1 spell: Sting
 10514 | D:6      | Found a burning altar of Makhleb.
 11990 | D:7      | Found a snail-covered altar of Cheibriados.
 12108 | D:7      | Found a sacrificial altar of Ru.
 12117 | D:7      | Reached skill level 1 in Conjurations
 12204 | D:7      | Found a glowing golden altar of the Shining One.
 13269 | D:8      | Found Ulez's Antique Weapon Emporium.
 13351 | D:8      | Noticed a two-headed ogre
 13363 | D:8      | Killed a two-headed ogre
 13363 | D:8      | Reached skill level 8 in Summonings
 13363 | D:8      | Reached XP level 9. HP: 46/46 MP: 13/18
 13636 | D:8      | Noticed a hornet
 13644 | D:7      | HP: 2/46 [poisoned by a hornet]
 13646 | D:7      | Succumbed to a hornet's poison

Skill      XL: |  1  2  3  4  5  6  7  8 |
---------------+-------------------------+-----
Stealth        | 3 4 |  4.0
Spellcasting   | 3 4 6 |  6.4
Summonings     | 5 6 8 |  8.8
Staves         | 1 |  1.2
Conjurations   | 2 |  2.4
Fighting       | |  0.3
Polearms       | |  0.2
Dodging        | |  2.7
Hexes          | |  0.3
Ice Magic      | |  0.5

Action                   |  1- 3 |  4- 6 |  7- 9 || total
-------------------------+-------+-------+-------++-------
Melee: Spear             |    53 |       |       ||    53
       Hand axe          |     8 |    10 |       ||    18
       Staff             |       |     2 |    44 ||    46
 Cast: Summon Small Mamm |    43 |   103 |   142 ||   288
       Call Imp          |    10 |    22 |    22 ||    54
       Call Canine Famil |     5 |    29 |    45 ||    79
       Summon Guardian G |       |    13 |    38 ||    51
       Summon Ice Beast  |       |       |    19 ||    19
       Sting             |       |       |     3 ||     3
  Use: Scroll            |     7 |     5 |     3 ||    15
       Potion            |     4 |     1 |     3 ||     8
 Stab: Sleeping          |     3 |       |       ||     3
       Distracted        |     1 |       |       ||     1
       Paralysed         |       |       |     1 ||     1
  Eat: Chunk             |     8 |    14 |    35 ||    57
       Ration            |       |     1 |       ||     1
Armor: Robe              |    17 |     6 |    26 ||    49
Dodge: Dodged            |    75 |    19 |    65 ||   159
